 Dungeon Crawl Stone Soup version 0.30-a0-847-g17996783a1 (webtiles) character file.

Game seed: 12795150780875617392

9042 greenreed the Thaumaturge (level 11, -15/49 HPs)
             Began as a Spriggan Conjurer on Mar 3, 2023.
             Was an Elder of Vehumet.
             Engulfed by a cloud of flame (17 damage)
             ... on level 10 of the Dungeon.
             The game lasted 00:38:06 (11794 turns).

greenreed the Thaumaturge (Spriggan Conjurer)      Turns: 11794, Time: 00:38:06

Health: -15/49     AC:  5    Str:  3    XL:     11   Next: 17%
Magic:  6/30       EV: 19    Int: 26    God:    Vehumet [****..]
Gold:   241        SH:  0    Dex: 14    Spells: 20/39 levels left

rFire   . . .      SeeInvis +    j - +3 dagger "Gugaraqa" {spect, rElec Int+2}
rCold   . . .      Faith    .    (no shield)
rNeg    . . .      Spirit   .    w - +0 robe of a bazaar {+Blink Regen+ Slay+6 Stlth-}
rPois   +          Reflect  .    N - +1 hat
rElec   +          Rampage  .    C - +1 cloak
rCorr   .                        (gloves unavailable)
Will    ++...                    (boots unavailable)
Stlth   +                        P - amulet of magic regeneration
HPRegen 1.08/turn                d - ring of willpower
MPRegen 0.62/turn                y - ring of poison resistance

@: studying Fighting, very quick
A: very small, no large weapons, unfitting armour, see invisible, speed 3
a: Renounce Religion, Evoke Blink


You were on level 10 of the Dungeon.
You worshipped Vehumet.
Vehumet was greatly pleased with you.
You visited 1 branch of the dungeon, and saw 10 of its levels.
You also visited: Bailey.

You collected 661 gold pieces.
You spent 420 gold pieces at shops.

Inventory:

Hand Weapons
 j - the +3 dagger "Gugaraqa" (weapon) {spect, rElec Int+2}
   (You found it on level 2 of the Dungeon)

   Int:       It affects your intelligence (+2).
   rElec:     It insulates you from electricity.
 F - the +9 sword of Zonguldrok {reap}
   (You found it in a bailey)
Missiles
 I - a throwing net
Armour
 w - the +0 robe of a bazaar (worn) {+Blink Regen+ Slay+6 Stlth-}
   (You found it on level 5 of the Dungeon)

   Slay:      It affects your accuracy & damage with ranged weapons and melee
   (+6).
   +Blink:    It lets you blink.
   Regen:     It increases your rate of health regeneration.
   Stlth:     It makes you less stealthy.
 C - a +1 cloak (worn)
 N - a +1 hat (worn)
Jewellery
 d - a ring of willpower (left hand)
 g - a ring of protection from fire
 h - an amulet of regeneration
 x - a +6 ring of strength
 y - a ring of poison resistance (right hand)
 H - a ring of resist corrosion
 P - an amulet of magic regeneration (around neck)
Wands
 e - a wand of acid (7)
 E - a wand of polymorph (12)
 L - a wand of flame (2)
 M - a wand of digging (15)
Scrolls
 c - a scroll of vulnerability
 f - 2 scrolls of blinking
 i - 5 scrolls of immolation
 l - 6 scrolls of poison
 m - 2 scrolls of amnesia
 n - a scroll of magic mapping
 p - a scroll of enchant armour
 q - 5 scrolls of teleportation
 v - a scroll of fear
 z - 3 scrolls of fog
 B - 2 scrolls of summoning
 D - 5 scrolls of enchant weapon
 J - a scroll of brand weapon
Potions
 a - 3 potions of might {unknown}
 b - 4 potions of magic
 k - 3 potions of degeneration {unknown}
 o - a potion of haste {unknown}
 r - a potion of mutation {unknown}
 s - 2 potions of flight {unknown}
 t - 2 potions of heal wounds {unknown}
 u - 5 potions of curing
 A - 2 potions of berserk rage {unknown}
 G - a potion of brilliance {unknown}
 K - 2 potions of cancellation {unknown}
 O - a potion of lignification {unknown}


   Skills:
 + Level 1.3 Fighting
 + Level 1.0 Long Blades
 + Level 5.4 Dodging
 - Level 3.5 Stealth
 * Level 14.6 Spellcasting
 * Level 9.4 Conjurations
 + Level 2.3 Hexes
 + Level 0.2 Fire Magic


You had 20 spell levels left.
You knew the following spells:

 Your Spells              Type           Power      Damage    Failure   Level
a - Magic Dart            Conj           100%       1d8       1%          1
b - Searing Ray           Conj           100%       2d8       1%          2
c - Dazzling Flash        Conj/Hex       98%        N/A       1%          3
d - Sandblast             Erth           38%        2d10      1%          1
e - Fireball              Conj/Fire      22%        3d10      3%          5
f - Inner Flame           Hex/Fire       25%        N/A       1%          3
g - Iskenderun's Mystic   Conj/Tloc      43%        2d10      1%          4

Your spell library contained the following spells:

 Spells                   Type           Power      Damage    Failure   Level
 Foxfire                  Conj/Fire      100%       2x1d9     1%          1
 Fulminant Prism          Conj/Hex       24%        3d12      1%          4
 Ensorcelled Hibernation  Hex/Ice        50%        N/A       2%          2
 Frozen Ramparts          Ice            38%        1d6       2%          3
 Lightning Bolt           Conj/Air       21%        1d36      3%          5
 Passwall                 Tmut/Erth      15%        N/A       4%          2
 Airstrike                Air            9%         2d(2-18)  8%          4
 Gell's Gravitas          Tloc           19%        N/A       9%          3
 Swiftness                Air            19%        N/A       9%          3
 Teleport Other           Tloc           19%        N/A       9%          3
 Cause Fear               Hex            15%        N/A       11%         4
 Starburst                Conj/Fire      22%        6d7       16%         6
 Ice Form                 Ice/Tmut       19%        N/A       28%         4
 Summon Ice Beast         Ice/Summ       19%        N/A       28%         4
 Summon Lightning Spire   Summ/Air       19%        N/A       28%         4
 Dispersal                Tloc           9%         N/A       99%         6
 Discord                  Hex            15%        N/A       100%        8


Dungeon Overview and Level Annotations

Branches:
Dungeon (10/15)            Temple (0/1) D:7            Lair (0/5) D:10
    Orc (0/2) D:9          Bailey (visited)

Altars:
Ashenzari
Dithmenos
Elyvilon
Fedhas
Kikubaaqudgha
Nemelex Xobeh
Qazlal
Ru
Vehumet
Zin
The Shining One

Shops:
D:9 =


Innate Abilities, Weirdness & Mutations

You are very small and have problems with some larger weapons.
You are too small for most types of armour.
You have supernaturally acute eyesight. (SInv)
You cover ground extremely quickly. (Speed+++)


Message History

Press: ? - help, Shift-Dir - straight line, f/p - boulder beetle
Aim: a boulder beetle (heavily wounded, rolling, inner flame)
The fireball explodes!
The fireball engulfs the boulder beetle!
Flame seeps out of the boulder beetle.
The boulder beetle is severely wounded.
The boulder beetle is engulfed in blazing flames.
Flame seeps out of the boulder beetle.
You hit the boulder beetle but do no damage.
The boulder beetle is severely wounded.
Your +3 dagger "Gugaraqa" {spect, rElec Int+2} hits the boulder beetle but does no damage.
The boulder beetle hits you!
The boulder beetle stops rolling and uncurls.
You hit the boulder beetle but do no damage.
The boulder beetle is severely wounded.
Your +3 dagger "Gugaraqa" {spect, rElec Int+2} hits the boulder beetle.
Flame seeps out of the boulder beetle.
The boulder beetle is engulfed in blazing flames.
Flame seeps out of the boulder beetle.
The boulder beetle completely misses you.
Casting: Fireball (dangerous; 3% risk of failure)
Confirm with . or Enter, or press ? or * to list all spells.
You erupt in a blast of force!
The mystic blast hits the boulder beetle.
Flame seeps out of the boulder beetle.
The boulder beetle is almost dead.
The boulder beetle is engulfed in blazing flames.
Flame seeps out of the boulder beetle.
The boulder beetle barely misses you.
Casting: Iskenderun's Mystic Blast (dangerous; 1% risk of failure)
Confirm with . or Enter, or press ? or * to list all spells.
You erupt in a blast of force!
The mystic blast hits the boulder beetle!
Vehumet accepts your kill.
You feel your power returning.
The boulder beetle explodes!
The fiery explosion engulfs you!!
Ouch! That really hurt!
* * * LOW HITPOINT WARNING * * *
You are engulfed in blazing flames.
You die...

...# ##.#...#...........#........
...# #.'...##.........##........
...# ###°..####.....####........
+### #.°°.......### #+#####.#
...## ######'##### #..###)..
##..### #...# ##..##...
##...##########°#### ####.##..#
###'#((.#....?.§○§..####.....#..#
....#...#......§@§§...##.....##.#
....#._.#...........#.##.....##.#
....#...#..........)#.)#........#
....#####.......>...##.#.....#..#
....##Z##..>........##.#.....##.#
....#####...........##.......##.'
....#####...........####.....##.#
.....(.##...........# #..)..##.#
.......##...........# #.....##.#


There were no monsters in sight!

Vanquished Creatures
  A boulder beetle (D:10)
  A two-headed ogre (D:10)
  Pikel (D:8)
  An orc knight (Bailey)
  A cyclops (D:7)
  Joseph (D:8)
  Maurice (D:8)
  A gargoyle (D:10)
  Psyche (D:8)
  An unseen horror (D:7)
  A kobold demonologist (D:10)
  Prince Ribbit (D:6)
  A slime creature (D:7)
  A wraith (D:7)
  4 yaks (D:9)
  A wyvern (D:9)
  2 steam dragons
  Menkaure (D:6)
  2 acid dragons
  3 wargs (D:10)
  3 water moccasins
  9 orc warriors (Bailey)
  A sky beast (D:5)
  3 black bears
  3 centaurs
  An ogre (D:4)
  3 lemures (D:8)
  2 kobold brigands
  2 bullfrogs
  2 gnoll sergeants
  A scorpion (D:4)
  4 killer bees (D:8)
  3 howler monkeys (D:9)
  An orc priest (D:10)
  A hound (D:6)
  2 jellies
  A gnoll bouda (D:7)
  4 iguanas
  7 orc wizards
  13 gnolls
  4 adders
  A shadow imp (D:6)
  2 ufetubi
  A worm (D:2)
  A dart slug (D:2)
  29 orcs
  9 ball pythons
  7 endoplasms
  A giant cockroach (D:3)
  4 goblins (D:7)
  6 hobgoblins
  3 jackals (D:3)
  10 kobolds
  7 quokkas
  6 bats
  A frilled lizard (D:2)
  A goblin skeleton (D:6)
  2 goblin zombies (D:6)
  A hobgoblin zombie (D:6)
  A kobold zombie (D:6)
  4 orc skeletons (D:6)
  2 orc zombies (D:6)
  2 rats
198 creatures vanquished.

Vanquished Creatures (others)
  A human (D:10)
1 creature vanquished.

Grand Total: 199 creatures vanquished

Notes
Turn   | Place    | Note
-------+----------+-------------------------------------------
     0 | D:1      | greenreed the Spriggan Conjurer began the quest for the
                  | Orb.
     0 | D:1      | Reached XP level 1. HP: 9/9 MP: 5/5
   332 | D:1      | Reached XP level 2. HP: 13/13 MP: 4/6
   710 | D:1      | Found a faded altar of an unknown god.
  1151 | D:2      | Identified the +3 dagger "Gugaraqa" {spect, rElec Int+2}
  1358 | D:2      | Reached skill level 3 in Spellcasting
  1666 | D:2      | Reached XP level 3. HP: 16/16 MP: 5/8
  2032 | D:3      | Found a radiant altar of Vehumet.
  2038 | D:3      | Became a worshipper of Vehumet
  2042 | D:3      | Learned a level 2 spell: Searing Ray
  2046 | D:3      | Learned a level 3 spell: Dazzling Flash
  2662 | D:3      | Found a stormy altar of Qazlal.
  2855 | D:4      | Noticed an ogre
  2870 | D:4      | Noticed a black bear
  2884 | D:4      | Killed an ogre
  2885 | D:4      | Reached skill level 4 in Spellcasting
  2885 | D:4      | Reached XP level 4. HP: 21/21 MP: 3/11
  2885 | D:4      | Reached XP level 5. HP: 24/24 MP: 3/12
  2965 | D:4      | You fall into a shaft and drop 2 floors!
  2974 | D:5      | Entered Level 5 of the Dungeon
  3108 | D:5      | Reached skill level 5 in Spellcasting
  3182 | D:4      | Identified the +6 sling of Cejuik {flame, rElec rN+ SInv}
  3364 | D:4      | Killed a black bear
  3364 | D:4      | Reached * piety under Vehumet
  3364 | D:4      | Offered knowledge of Freeze by Vehumet.
  3365 | D:4      | Reached XP level 6. HP: 28/28 MP: 6/15
  3507 | D:4      | Found a blossoming altar of Fedhas.
  3825 | D:4      | Reached skill level 6 in Spellcasting
  4006 | D:5      | Noticed a sky beast
  4072 | D:5      | Identified the +0 robe of a bazaar {+Blink Regen+ Slay+6
                  | Stlth-}
  4124 | D:5      | Found a sparkling altar of Nemelex Xobeh.
  4297 | D:5      | Killed a sky beast
  4298 | D:5      | Reached XP level 7. HP: 32/32 MP: 10/18
  4626 | D:5      | Reached skill level 7 in Spellcasting
  4626 | D:5      | Reached skill level 5 in Conjurations
  4896 | D:6      | Noticed Menkaure
  4900 | D:6      | Killed Menkaure
  5141 | D:6      | Found a sacrificial altar of Ru.
  5245 | D:6      | Found a glowing golden altar of the Shining One.
  5279 | D:6      | Reached ** piety under Vehumet
  5279 | D:6      | Offered knowledge of Sandblast by Vehumet.
  5302 | D:6      | Learned a level 1 spell: Sandblast
  5308 | D:6      | Learned a level 5 spell: Fireball
  5421 | D:6      | Noticed Prince Ribbit
  5429 | D:6      | Killed Prince Ribbit
  5430 | D:6      | Reached skill level 8 in Spellcasting
  5430 | D:6      | Reached XP level 8. HP: 36/36 MP: 11/21
  6062 | D:6      | Found a glowing silver altar of Zin.
  6136 | D:7      | Reached skill level 9 in Spellcasting
  6185 | D:7      | Noticed a slime creature
  6217 | D:7      | Killed a slime creature
  6241 | D:7      | Noticed an unseen horror
  6251 | D:7      | Killed an unseen horror
  6252 | D:7      | Reached skill level 10 in Spellcasting
  6304 | D:7      | Found a shadowy altar of Dithmenos.
  6323 | D:7      | Found a staircase to the Ecumenical Temple.
  6467 | D:7      | Reached XP level 9. HP: 39/39 MP: 11/24
  6468 | D:7      | Found a broken altar of Ashenzari.
  6533 | D:7      | Found a flagged portal.
  6539 | Bailey   | Entered a bailey
  6844 | Bailey   | Reached skill level 11 in Spellcasting
  7392 | Bailey   | Found the +9 sword of Zonguldrok {reap}
  7392 | Bailey   | Noticed an orc knight
  7406 | Bailey   | Killed an orc knight
  7407 | Bailey   | Reached skill level 12 in Spellcasting
  7616 | D:7      | Noticed a cyclops
  7773 | D:7      | Found a white marble altar of Elyvilon.
  7931 | D:7      | Offered knowledge of Poisonous Vapours by Vehumet.
  8094 | D:7      | Killed a cyclops
  8252 | D:7      | Reached XP level 10. HP: 44/44 MP: 15/27
  8562 | D:8      | Noticed Pikel
  8571 | D:8      | Killed Pikel
  8572 | D:8      | Reached skill level 13 in Spellcasting
  8704 | D:8      | Reached *** piety under Vehumet
  9027 | D:8      | Noticed Psyche
  9029 | D:8      | Noticed Maurice
  9044 | D:8      | Killed Psyche
  9045 | D:8      | Reached skill level 5 in Dodging
  9054 | D:8      | Killed Maurice
  9055 | D:8      | Reached skill level 1 in Fighting
  9676 | D:8      | Noticed Joseph
  9721 | D:8      | Killed Joseph
  9721 | D:8      | Offered knowledge of Inner Flame by Vehumet.
  9722 | D:8      | Reached skill level 1 in Long Blades
  9722 | D:8      | Reached skill level 1 in Hexes
  9727 | D:8      | Learned a level 3 spell: Inner Flame
  9732 | D:8      | Learned a level 4 spell: Iskenderun's Mystic Blast
 10202 | D:9      | Found a staircase to the Orcish Mines.
 10209 | D:9      | Reached skill level 14 in Spellcasting
 10537 | D:9      | Found Megekhli's Jewellery Shoppe.
 10541 | D:9      | Bought an amulet of magic regeneration for 420 gold pieces
 10923 | D:10     | Entered Level 10 of the Dungeon
 10932 | D:10     | Found a staircase to the Lair.
 10937 | D:10     | Reached **** piety under Vehumet
 10938 | D:10     | Reached XP level 11. HP: 39/49 MP: 25/30
 11261 | D:10     | Noticed a two-headed ogre
 11276 | D:10     | Killed a two-headed ogre
 11452 | D:10     | Noticed a boulder beetle
 11508 | D:10     | Found an ancient bone altar of Kikubaaqudgha.
 11794 | D:10     | Killed a boulder beetle
 11794 | D:10     | HP: 2/49 [spore (33)]
 11794 | D:10     | Engulfed by a cloud of flame

Illustrated notes

Levels and vault maps discovered:
D:1:      minmay_arrival_shattered_statue, layout_basic,
          hellmonk_ecumenical_altar_blasted, minmay_small_reverse_x
D:2:      layout_basic, minmay_misc_feat_secret_circle
D:3:      layout_basic, amcnicky_altar_gilded, vehumet_crystals, nrook_campfire
D:4:      layout_cave_pools, fedhas_altar_3
D:5:      black_bear_nest_1, layout_loops_ring, old_standard_altar,
          feat_on_display
D:6:      layout_gridville, lemuel_round_altar, nicolae_tso_besieged_by_evil,
          zin_treasury, uniq_menkaure, uniq_prince_ribbit1
D:7:      minmay_cornered_nines, layout_gridville,
          mainiacjoe_overflow_six_doors_small, nicolae_elyvilon_temple_path,
          nicolae_overflow_crystal_walls, minmay_temple_entry_tees,
          enter_bailey_3
D:8:      layout_loops_corners, hangedman_decor_points, uniq_pikel, uniq_psyche,
          uniq_maurice, uniq_joseph
D:9:      layout_small_grid, orc_0_dummy, serial_shops,
          nicolae_shop_hallway_stairs
D:10:     layout_roguey, tgw_kikubaaqudgha, erik_lair_orcish_takeover,
          minmay_door_square

Skill      XL: |  1  2  3  4  5  6  7  8  9 10 11 |
---------------+----------------------------------+-----
Conjurations   | 3 4 5 6 7 9 |  9.4
Spellcasting   | 3 4 5 6 8 10 12 14 | 14.6
Dodging        | 3 4 5 |  5.4
Fighting       | 1 |  1.3
Long Blades    | 1 |  1.0
Hexes          | 1 2 |  2.3
Stealth        | |  3.5
Fire Magic     | |  0.2

Action                     |  1- 3 |  4- 6 |  7- 9 | 10-12 || total
---------------------------+-------+-------+-------+-------++-------
  Melee: Unarmed           |     8 |       |       |       ||     8
         Dagger            |     4 |       |     6 |     4 ||    14
         Double sword      |       |       |     3 |       ||     3
   Cast: Magic Dart        |   100 |    64 |   120 |    81 ||   365
         Searing Ray       |     1 |     7 |    55 |    38 ||   101
         Dazzling Flash    |       |       |     3 |     8 ||    11
         Fireball          |       |       |       |    19 ||    19
         Inner Flame       |       |       |       |     8 ||     8
         Iskenderun's Myst |       |       |       |     6 ||     6
    Use: Scroll            |       |       |     9 |     6 ||    15
 Armour: Robe              |     8 |       |     6 |     5 ||    19
  Dodge: Dodged            |    18 |     6 |   111 |    71 ||   206

Table legend: (Time is in decaauts)
 A = Elapsed time spent in this place.
 B = Non-inter-level travel time spent in this place.
 C = Inter-level travel time spent in this place.
 D = Time resting spent in this place.
 E = Time spent auto-exploring this place.
 F = Levels seen in this place.
 G = Mean time per level.
                   A        B        C        D        E       F      G
               +--------+--------+--------+--------+--------+-----+--------+
         Total |   8938 |   8630 |    308 |    546 |   6510 |  11 |  812.5 |
       Dungeon |   8118 |   7810 |    308 |    412 |   6032 |  10 |  811.8 |
        Bailey |    820 |    820 |      0 |    134 |    478 |   1 |  820.0 |
               +--------+--------+--------+--------+--------+-----+--------+

Top non-repeatable levels by time:
     D:8: 1139 daAuts
     D:6: 976 daAuts
     D:7: 948 daAuts
     D:1: 830 daAuts
  Bailey: 820 daAuts
     D:4: 792 daAuts
     D:9: 776 daAuts
     D:5: 730 daAuts
     D:3: 677 daAuts
    D:10: 624 daAuts
     D:2: 623 daAuts
